 Dungeon Crawl Stone Soup version 0.19-a0-1251-gd6e46da (webtiles) character file.

45 PurpleRed the Conjurer (level 3, -9/19 HPs)
             Began as a Deep Elf Conjurer on Aug 27, 2016.
             Mangled by a gnoll
             ... wielding a +0 halberd
              (18 damage)
             ... on level 3 of the Dungeon.
             The game lasted 00:04:27 (483 turns).

PurpleRed the Conjurer (Deep Elf Conjurer)           Turns: 483, Time: 00:04:27

Health: -9/19      AC:  2    Str:  3 (5)  XL:     3   Next: 42%
Magic:  0/10       EV: 13    Int: 22 (25) God:
Gold:   62         SH:  0    Dex: 13 (15) Spells: 2 memorised, 7 levels left

rFire  . . .     SeeInvis .     h - -3 dagger (curse)
rCold  . . .     Gourm    .     a - +0 robe
rNeg   . . .     Faith    .     (no shield)
rPois  .         Spirit   .     (no helmet)
rElec  .         Dismiss  .     (no cloak)
rCorr  .         Reflect  .     (no gloves)
MR     .....     Harm     .     (no boots)
Stlth  ++........               (no amulet)
                                (no ring)
                                (no ring)

@: brilliant
A: no striking features
a: no special abilities


You were on level 3 of the Dungeon.
You were not hungry.

You visited 1 branch of the dungeon, and saw 3 of its levels.

You collected 62 gold pieces.

Inventory:

Hand Weapons
 e - a +0 spear
 h - a cursed -3 dagger (weapon)
Armour
 a - a +0 robe (worn)
Books
 b - a book of Conjurations

   Spells                             Type                      Level
   a - Magic Dart                     Conjuration                  1
   b - Searing Ray                    Conjuration                  2
   c - Dazzling Spray                 Conjuration/Hexes            3
   d - Fulminant Prism                Conjuration/Hexes            4
   e - Iskenderun's Mystic Blast      Conjuration                  4
   f - Iskenderun's Battlesphere      Conjuration/Charms           5
Comestibles
 c - 2 bread rations
 j - a meat ration


   Skills:
 - Level 2.4 Dodging
 - Level 2.4 Stealth
 + Level 4.2 Spellcasting
 * Level 5.1 Conjurations


You had 7 spell levels left.
You knew the following spells:

 Your Spells              Type           Power        Failure   Level  Hunger
a - Magic Dart            Conj           ####         1%          1    None
b - Searing Ray           Conj           #####.       1%          2    #......


Dungeon Overview and Level Annotations

Branches:
Dungeon (3/15)

Altars:


Message History

The giant cockroach barely misses you. The orc closely misses you.
You feel much better. The gnoll misses you.
The giant cockroach completely misses you.
The orc hits you with a whip. The orc closely misses you.
You feel clever all of a sudden. The giant cockroach misses you.
The orc closely misses you. The gnoll misses you.
The orc hits you but does no damage.
Casting: Magic Dart
Confirm with . or Enter, or press ? or * to list all spells.
Aiming: Magic Dart
Press: ? - help, Shift-Dir - straight line, f/p - giant cockroach
Aim: a giant cockroach (moderately wounded, clinging)
The magic dart hits the giant cockroach.
The giant cockroach is almost dead.
The jackal barks!
The giant cockroach barely misses you. The orc hits you with a whip.
The orc hits you with a short sword.
The gnoll hits you from afar with a halberd!!
Ouch! That really hurt!
You die...

..........#.........###
..###.....#..!......?
..# #.....#....##.#..#
..#.#.......... .. .##.
..............# .#....
..#.##....#...## .#..#
..#.##.#..#.... g..
......†...#...###o#
..#.##.##.#..gJs@o# ###
#......oh#####
#.##.......###
#.....oh.......
#.##.###..###.####
#.........# ...
..h...............[.
≈≈≈≈≈≈≈....≈≈≈≈≈≈≈≈≈
≈≈≈≈≈≈≈....≈≈≈≈≈≈≈≈≈


You could see 2 gnolls, an ooze, 3 orcs, a jackal and a giant cockroach.

Vanquished Creatures
  An ooze (D:3)
  2 orcs (D:3)
  A giant cockroach (D:1)
  3 goblins
  5 hobgoblins
  7 jackals
  6 kobolds
  A quokka (D:3)
  A ball python (D:3)
  4 bats (D:1)
  2 giant newts
  A rat (D:1)
34 creatures vanquished.

Notes
Turn   | Place    | Note
-------+----------+-------------------------------------------
     0 | D:1      | PurpleRed the Deep Elf Conjurer began the quest for the Orb.
     0 | D:1      | Reached XP level 1. HP: 10/10 MP: 6/6
   131 | D:1      | Reached XP level 2. HP: 14/15 MP: 4/8
   283 | D:2      | Reached skill level 5 in Conjurations
   371 | D:2      | Reached XP level 3. HP: 5/19 MP: 5/10
   375 | D:2      | Learned a level 2 spell: Searing Ray
   483 | D:3      | Mangled by a gnoll

Vault maps used:
D:1:      dpeg_arrival_stone_temple_mockup, minmay_pentomino_o4
D:2:      first_bread
D:3:      lemuel_castle_with_subvaults

Skill      XL: |  1  2  3 |
---------------+----------+-----
Conjurations   | 5 |  5.1
Spellcasting   | 4 |  4.2
Dodging        | |  2.4
Stealth        | |  2.4

Action                   || total
-------------------------++-------
Melee: Spear             ||    37
       Dagger            ||     1
 Cast: Magic Dart        ||    44
       Searing Ray       ||     2
  Use: Potion            ||     5
       Scroll            ||     1
 Stab: Sleeping          ||     1
Armor: Robe              ||    12
Dodge: Dodged            ||    93
